Cogmind - Beta 15 @@@ ROGUE MODE // 2025.07.06 @ 18:07:10 Player: Rockstar Result: Destroyed by Y-54 Guardian with Flak Gun Performance ------------- Evolutions (4) 2000 Regions Visited (7) 1400 Robots Destroyed (39) 195 Value Destroyed (980) 980 Prototype IDs (5) 100 Alien Tech Used (0) 0 Bonus (0) 0 TOTAL SCORE: 4675 Bonus ------- None Cogmind --------- Core Integrity 0/850 Matter 300/300 Energy 32/100 System Corruption 1% Temperature Cool (18) Movement Hovering (42) Location -6/Factory Parts ------- > --- POWER (2) -------- (None) > --- PROPULSION (3) --- Cooled Aerolev Unit Cooled Aerolev Unit Cooled Aerolev Unit > --- UTILITY (7) ------ Machine Analyzer Advanced Visual Processing Unit Core Analyzer Advanced ECM Suite > --- WEAPON (3) ------- Spear > --- INVENTORY (5) ---- (None) Peak State ------------ > --- POWER ------------ Improved Ion Engine Light Nuclear Core > --- PROPULSION ------- Combat Airjet Combat Airjet Combat Airjet > --- UTILITY ---------- Improved Trap Scanner Advanced Visual Processing Unit Improved Sensor Array Improved Melee Analysis Suite Core Analyzer Hacking Suite Corruption Screen > --- WEAPON ----------- High-powered Shock Rifle Gatling Laser Chainsword > --- INVENTORY -------- Gravmag System Gravmag System Combat Airjet Force Booster Advanced ECM Suite [Rating: 61] Favorites ----------- Power Light Ion Engine Engine Light Ion Engine Power Core Light Nuclear Core Propulsion Aerolev Unit Leg Aluminum Leg Wheel Wheel Hover Unit Aerolev Unit Utility Small Storage Unit Device Improved Sensor Array Storage Small Storage Unit Processor Core Analyzer Hackware Hacking Suite Protection Propulsion Shielding Weapon Maul Energy Gun Medium Laser Energy Cannon Beam Cannon Ballistic Gun Light Assault Rifle Special Weapon Mining Laser Impact Weapon Maul Slashing Weapon Chainsword Piercing Weapon Spear Build | -11 -10 -9 -9 -8 -8 -7 -6 ------- Run | Yrd Mat Mat Min Mat Sto Fac Fac Slots Evolved 8 | . . 2 . 2 . 2 2 Power 1 | . . . . 1 . . . Propulsion 1 | . . . . 1 . . . Utility 5 | . . 2 . . . 1 2 Weapon 1 | . . . . . . 1 . Parts Attached 81 | 6 12 22 2 5 5 10 19 Power 13 | 1 3 2 . 4 2 . 1 Engine 11 | 1 3 2 . 4 1 . . Core 2 | . . . . . 1 . 1 Reactor . | . . . . . . . . Propulsion 24 | 2 3 7 . 1 . 3 8 Treads . | . . . . . . . . Leg 3 | 2 1 . . . . . . Wheel 7 | . 2 5 . . . . . Hover 14 | . . 2 . 1 . 3 8 Flight . | . . . . . . . . Utility 26 | 1 3 8 2 . . 6 6 Device 11 | . 2 4 1 . . 1 3 Storage 2 | 1 . 1 . . . . . Processor 9 | . . 1 1 . . 4 3 Hackware 1 | . . . . . . 1 . Protection 3 | . 1 2 . . . . . Artifact . | . . . . . . . . Weapon 18 | 2 3 5 . . 3 1 4 Energy Gun 8 | . 2 3 . . . . 3 Energy Cannon 1 | . 1 . . . . . . Ballistic Gun 4 | 2 . 1 . . 1 . . Ballistic Cannon . | . . . . . . . . Launcher . | . . . . . . . . Special Weapon 1 | . . . . . 1 . . Impact Weapon 1 | . . 1 . . . . . Slashing Weapon 2 | . . . . . 1 1 . Piercing Weapon 1 | . . . . . . . 1 Special Melee Weapon . | . . . . . . . . Unidentified Prototypes 2 | . . 1 . . . . 1 Parts Lost 41 | . 1 8 . . 13 . 19 Power 6 | . . 1 . . 3 . 2 Propulsion 13 | . . 3 . . 3 . 7 Utility 11 | . . 3 . . 2 . 6 Weapon 11 | . 1 1 . . 5 . 4 Highest Loss Streak 13 | . 1 7 . . 13 . 10 To Critical Strikes . | . . . . . . . . Average Backups 6 | 2 7 6 8 7 6 4 3 Power 1 | . 1 2 2 1 1 . . Propulsion 1 | 1 2 1 2 1 1 . 2 Utility 1 | . 1 . 2 2 3 3 1 Weapon 1 | . 2 2 1 2 1 1 . Tool/Special . | . . . . . . . . Unused Backups 24 | . 6 4 2 3 . 7 2 Power 2 | . . 1 . 1 . . . Propulsion 5 | . 3 2 . . . . . Utility 12 | . 2 1 1 2 . 4 2 Weapon 5 | . 1 . 1 . . 3 . Tool/Special . | . . . . . . . . Average Slot Usage (%) 78 | . 89 91 84 89 65 51 75 Engine 9 | . 14 10 11 17 7 6 2 Leg 4 | . 23 . . . . . . Wheel 3 | . 3 19 . . . . . Hover 11 | . . 1 22 27 19 8 17 Device 8 | . 3 12 11 9 6 5 10 Storage 7 | . 14 11 11 9 6 . . Processor 11 | . . 1 11 9 9 21 23 Hackware 2 | . . . . . . 6 5 Protection 2 | . 1 11 . . . . . Energy Gun 4 | . 12 9 . . . . 4 Energy Cannon 1 | . 5 1 . . . . . Ballistic Gun 4 | . 9 7 5 9 5 . . Impact Weapon 3 | . . 4 11 9 5 . . Slashing Weapon 1 | . . . . . 1 . 4 Peak Build Rating 61 | 6 7 20 27 34 35 36 61 Average Rating 23 | 4 6 10 25 32 24 23 46 On Entrance 16 | . 6 7 20 26 33 5 36 Naked Turns . | . . . . . . . . Heaviest Build 28 | 13 16 22 16 27 23 11 28 Greatest Support 36 | 20 20 32 16 24 24 26 36 Greatest Overweight (x) 5 | 1 5 5 . 1 . 1 1 Average Overweight (x) . | . . . . . . . . Largest Inventory Capacity 8 | 8 8 8 8 8 8 5 5 Average Capacity 6 | 7 8 8 8 8 7 5 5 Most Carried 8 | 4 8 8 8 8 8 5 5 Average Carried 6 | 2 7 6 7 7 6 4 3 Final Capacity 8 | 8 8 8 8 8 5 5 5 Final Carried 8 | 4 8 8 8 8 5 5 . Class Distribution -------------------- 95% | Mutant 4% | Scavenger-Mutant Dominant Class ---------------- Mutant | -10/Materials Mutant | -9/Materials Mutant | -9/Mines Mutant | -8/Materials Mutant | -8/Storage Mutant | -7/Factory Mutant | -6/Factory Resources | -11 -10 -9 -9 -8 -8 -7 -6 ----------- Run | Yrd Mat Mat Min Mat Sto Fac Fac Matter Collected 1108 | 194 222 336 20 54 37 49 196 Remotely 75 | . . 75 . . . . . Salvage Created 1200 | . 241 429 40 29 299 49 113 Parts 84 | . 22 26 7 2 10 7 10 Haulers Intercepted 1 | . . . . . 1 . . Recyclers Shooed 4 | . 2 2 . . . . . Parts Field Recycled . | . . . . . . . . Retrieved Matter . | . . . . . . . . Parts Self-Destructed . | . . . . . . . . Prevented . | . . . . . . . . Kills | -11 -10 -9 -9 -8 -8 -7 -6 ------- Run | Yrd Mat Mat Min Mat Sto Fac Fac Combat Hostiles Destroyed 32 | . 11 10 3 . 5 1 2 Melee 8 | . . . 3 . 2 1 2 Guns 17 | . 9 8 . . . . . Cannons 4 | . 2 . . . 2 . . Classes Destroyed 9 | . 4 3 . . 1 1 . Hauler 1 | . . . . . 1 . . Recycler 2 | . . 1 . . 1 . . Operator 1 | . 1 . . . . . . Watcher 3 | . 1 1 . 1 . . . Swarmer 16 | . 9 4 3 . . . . Grunt 7 | . 2 2 . . 3 . . Duelist 1 | . . 1 . . . . . Sentry 6 | . . 3 . . 2 . 1 Programmer 2 | . . . . . . 1 1 Best Kill Streak 5 | . 5 4 3 1 3 1 1 Combat Bots Only 5 | . 5 4 3 . 2 1 1 Max Kills in Single Turn 1 | . 1 1 1 1 1 1 1 Gunslinging . | . . . . . . . . Exploded . | . . . . . . . . Melee 1 | . . . 1 . 1 1 1 Uniques/NPCs Destroyed . | . . . . . . . . Combat | -11 -10 -9 -9 -8 -8 -7 -6 -------- Run | Yrd Mat Mat Min Mat Sto Fac Fac Hostile Shots Fired 728 | . 83 98 6 10 144 27 360 Missed 260 | . 24 24 4 5 30 15 158 Hits 468 | . 59 74 2 5 114 12 202 Melee 6 | . . 6 . . . . . Projectile 462 | . 59 68 2 5 114 12 202 Critical Strikes 7 | . . . . . 6 . 1 Damage Taken 5855 | . 477 990 54 78 1680 178 2398 Core 1611 | . 56 185 . 31 442 46 851 Absorbed by Shields . | . . . . . . . . Redirected to Shielding 53 | . . 53 . . . . . Regen/Repaired (Parts) 2 | . . . . . 2 . . Core Remaining (%) 67 | 100 77 . 53 . 14 93 . Volleys Fired 83 | . 34 43 . 1 5 . . Largest 2 | . 2 2 . 1 2 . . Hottest 110 | . 110 110 . 20 100 . . Shots Fired 147 | . 63 76 . 1 7 . . Gun 132 | . 56 73 . 1 2 . . Cannon 12 | . 7 3 . . 2 . . Launcher . | . . . . . . . . Special 3 | . . . . . 3 . . Kinetic 80 | . 27 50 . 1 2 . . Thermal 48 | . 36 7 . . 5 . . Explosive . | . . . . . . . . Electromagnetic 19 | . . 19 . . . . . Robot Hit Streak 10 | . 7 10 . . 3 . . Robot Miss Streak 6 | . 6 5 . 1 1 . . Penetration Max . | . . . . . . . . Secondary Targets 2 | . 1 1 . . . . . Max Gunslinging Chain 1 | . 1 1 . . . . . Shots Hit Robots 124 | . 34 56 3 1 20 2 8 Core Hits 48 | . 14 19 2 1 7 1 4 Critical Kills 1 | . . . . 1 . . . Critical Parts Destroyed 3 | . . 1 1 . 1 . . Critical Strikes 5 | . . 2 1 1 1 . . Smash 5 | . . 2 1 1 1 . . Melee Attacks 48 | . . 9 3 2 20 2 12 Impact 34 | . . 9 3 2 20 . . Slashing 11 | . . . . . . 2 9 Piercing 3 | . . . . . . . 3 Sneak Attacks 2 | . . . . . 2 . . Combat Hostiles . | . . . . . . . . Follow-up Attacks . | . . . . . . . . Damage Inflicted 2420 | . 472 733 105 57 663 88 302 Guns 871 | . 368 493 . . 10 . . Cannons 155 | . 103 17 . . 35 . . Explosions . | . . . . . . . . Melee 1332 | . . 220 105 57 587 76 287 Ramming 38 | . 1 3 . . 7 12 15 Kinetic 444 | . 206 228 . . 10 . . Thermal 366 | . 265 42 . . 59 . . Explosive . | . . . . . . . . Electromagnetic 240 | . . 240 . . . . . Impact 969 | . . 220 105 57 587 . . Slashing 300 | . . . . . . 76 224 Piercing 63 | . . . . . . . 63 Highest Corruption 2 | . . . . . . 2 1 Average Corruption 1 | . . . . . . 1 1 Corruption Purged . | . . . . . . . . Corruption Blocked . | . . . . . . . . Effects 2 | . . . . . . 2 . Matter Fused 1 | . . . . . . 1 . Parts Fused 1 | . . . . . . 1 . Overload Shots . | . . . . . . . . Overflow Damage 241 | . . 81 28 . 132 . . Projectiles . | . . . . . . . . Explosions . | . . . . . . . . Melee 241 | . . 81 28 . 132 . . Knockbacks 2 | . . . . . 2 . . Impact 2 | . . . . . 2 . . Kinetic . | . . . . . . . . Secondary . | . . . . . . . . Self-Inflicted Damage 15 | . . 1 . . 3 5 6 Shots . | . . . . . . . . Rammed 14 | . . 1 . . 3 2 8 Targets Rammed 15 | . 1 1 . . 3 2 8 Kicked 1 | . 1 . . . . . . Crushed . | . . . . . . . . Highest Temperature 258 | . 258 144 . 3 237 . . Average Temperature 63 | . 56 52 . 3 104 . . Received Heat Transfer 1278 | . 30 192 . 27 711 . 318 Siege Activations . | . . . . . . . . Martial Activations . | . . . . . . . . Shielding Activations . | . . . . . . . . Robots Disrupted . | . . . . . . . . Combat Hostiles . | . . . . . . . . Robots Corrupted 5 | . . 3 . . 2 . . Combat Hostiles 3 | . . 2 . . 1 . . Parts Fried 7 | . . 5 . . 2 . . Impact Corruptions 10 | . . 4 2 . 4 . . Robots Melted . | . . . . . . . . Combat Hostiles . | . . . . . . . . Parts Melted 3 | . 2 1 . . . . . Heat Transferred 938 | . 703 111 . . 124 . . Parts Sabotaged . | . . . . . . . . Parts Stolen . | . . . . . . . . Parts Stripped . | . . . . . . . . Power Chain Reactions . | . . . . . . . . Alert | -11 -10 -9 -9 -8 -8 -7 -6 ------- Run | Yrd Mat Mat Min Mat Sto Fac Fac Maximum Alert Level . | . . . . . . . . Low Security (%) 100 | 100 100 100 100 100 100 100 100 Level 1 . | . . . . . . . . Level 2 . | . . . . . . . . Level 3 . | . . . . . . . . Level 4 . | . . . . . . . . Level 5 . | . . . . . . . . High Security . | . . . . . . . . Max Security . | . . . . . . . . Peak Influence 185 | . 185 152 85 72 90 30 133 Initial 42 | . . 42 13 . 29 4 10 Average 42 | . 110 59 14 11 46 3 33 Influence Increases 1474 | . 320 353 85 101 192 63 360 Destroy 0b10 Robot/C 640 | . 220 200 60 . 100 20 40 Destroy 0b10 Robot/NC 40 | . 10 10 . 10 10 . . Destroy Leader 170 | . 42 52 10 4 32 10 20 Successful Hack 36 | . 3 . . 12 3 18 . Disable Machine 15 | . . 15 . . . . . Destroy Structure 3 | . . 1 . . 2 . . Lose Combat Pursuer 570 | . 45 75 15 75 45 15 300 Influence Decreases 1368 | . 219 418 121 29 253 52 276 Entered New Map 144 | . . 59 23 . 43 7 12 Time Decay 799 | . 209 214 98 29 80 45 124 Lost Part 360 | . 10 80 . . 130 . 140 Purge Threat 65 | . . 65 . . . . . Squads Dispatched 13 | . 1 . . 2 3 3 4 Investigation 3 | . . . . 1 1 1 . Extermination 2 | . . . . . . 1 1 Reinforcement 7 | . 1 . . 1 1 1 3 Assault . | . . . . . . . . Garrison 1 | . . . . . 1 . . Intercept . | . . . . . . . . Searches Triggered . | . . . . . . . . Construction Impeded . | . . . . . . . . Haulers Reinforced . | . . . . . . . . Active Scanning Responses . | . . . . . . . . Cargo Convoy Interrupts . | . . . . . . . . Stealth | -11 -10 -9 -9 -8 -8 -7 -6 --------- Run | Yrd Mat Mat Min Mat Sto Fac Fac Distress Signals 10 | . 3 . . 2 4 . 1 Communications Jammed . | . . . . . . . . Distress Signals . | . . . . . . . . Times Spotted 115 | . 20 20 4 12 23 4 32 Peak Tracking Total 14 | . 6 4 3 8 14 1 12 Tactical Retreats 21 | . 1 5 1 2 3 1 8 Traps | -11 -10 -9 -9 -8 -8 -7 -6 ------- Run | Yrd Mat Mat Min Mat Sto Fac Fac Traps Triggered 3 | . . . . 1 1 1 . Indirectly . | . . . . . . . . Trap Hack Attempts . | . . . . . . . . Triggered . | . . . . . . . . Disarmed . | . . . . . . . . Reprogrammed . | . . . . . . . . Reused . | . . . . . . . . Traps Extracted . | . . . . . . . . Installed . | . . . . . . . . Triggered . | . . . . . . . . Machines | -11 -10 -9 -9 -8 -8 -7 -6 ---------- Run | Yrd Mat Mat Min Mat Sto Fac Fac Machines Disabled 1 | . . 1 . . . . . Max in Single Turn 1 | . . 1 . . . . . Machines Repaired . | . . . . . . . . Machines Dismantled . | . . . . . . . . Machines Sabotaged . | . . . . . . . . Overloaded Fab Kills . | . . . . . . . . Hacking | -11 -10 -9 -9 -8 -8 -7 -6 --------- Run | Yrd Mat Mat Min Mat Sto Fac Fac Machines Accessed 25 | . 5 4 1 4 3 7 1 Terminals 19 | . 5 2 . 3 3 5 1 Fabricators . | . . . . . . . . Repair Stations 2 | . . 1 . . . 1 . Recycling Units 1 | . . . . . . 1 . Scanalyzers 2 | . . 1 . 1 . . . Garrison Access . | . . . . . . . . Total Hacks 54 | . 11 12 1 8 8 13 1 Successful 17 | . 2 5 1 2 2 4 1 Failed 37 | . 9 7 . 6 6 9 . Catastrophic 10 | . 3 1 . 2 2 2 . Database Lockouts . | . . . . . . . . Manual 27 | . 7 4 . 6 5 5 . Terminals 41 | . 11 6 . 6 8 9 1 Fabricators . | . . . . . . . . Repair Stations 5 | . . 3 . . . 2 . Recycling Units 2 | . . . . . . 2 . Scanalyzers 5 | . . 3 . 2 . . . Garrison Access . | . . . . . . . . Terminal Hacks 8 | . 1 1 1 1 1 2 1 Prototype ID Bank 1 | . 1 . . . . . . Open Door 1 | . . . 1 . . . . Open DSF 2 | . . . . . . 1 1 Alert Level 1 | . . . . . 1 . . Unreport Threat 2 | . . 1 . . . 1 . Locate Traps 1 | . . . . 1 . . . Fabricator Hacks . | . . . . . . . . Repair Station Hacks 1 | . . 1 . . . . . Scan Component 1 | . . 1 . . . . . Recycling Unit Hacks 2 | . . . . . . 2 . Report Inventory 1 | . . . . . . 1 . Retrieve Components 1 | . . . . . . 1 . Scanalyzer 4 | . . 3 . 1 . . . Insert Component 3 | . . 2 . 1 . . . Analyze 1 | . . 1 . . . . . Garrison Access Hacks . | . . . . . . . . Unauthorized Hacks 2 | . 1 . . . 1 . . Terminals 2 | . 1 . . . 1 . . Track 2 | . 1 . . . 1 . . Fabricators . | . . . . . . . . Repair Stations . | . . . . . . . . Recycling Units . | . . . . . . . . Scanalyzers . | . . . . . . . . Garrison Access . | . . . . . . . . Data Cores Recovered . | . . . . . . . . Used . | . . . . . . . . Hacking Detections 22 | . 5 4 . 4 3 5 1 Full Trace Events 2 | . 1 . . . . 1 . Feedback Events . | . . . . . . . . Feedback Blocked . | . . . . . . . . Robot Schematics Acquired . | . . . . . . . . Robots Built . | . . . . . . . . Authchips . | . . . . . . . . Time . | . . . . . . . . Total Robot Build Rating . | . . . . . . . . Part Schematics Acquired 1 | . . 1 . . . . . Parts Built . | . . . . . . . . Authchips . | . . . . . . . . Time . | . . . . . . . . Total Part Build Rating . | . . . . . . . . Parts Repaired . | . . . . . . . . Time . | . . . . . . . . Parts Recycled . | . . . . . . . . Recycled Matter . | . . . . . . . . Retrieved Matter . | . . . . . . . . Retrieved Components 1 | . . . . . . 1 . Parts Scanalyzed 2 | . . 1 . 1 . . . Part Schematics Acquired 1 | . . 1 . . . . . Parts Damaged 1 | . . 1 . . . . . Bothacking | -11 -10 -9 -9 -8 -8 -7 -6 ------------ Run | Yrd Mat Mat Min Mat Sto Fac Fac Used RIF Installer . | . . . . . . . . Robots Hacked . | . . . . . . . . Non-combat . | . . . . . . . . Combat . | . . . . . . . . Robot Hacks Applied . | . . . . . . . . Relay Couplers Released . | . . . . . . . . Fabnet Peak Effective % . | . . . . . . . . Robots Rewired . | . . . . . . . . Allies Hacked . | . . . . . . . . Hacks Repelled . | . . . . . . . . Allies | -11 -10 -9 -9 -8 -8 -7 -6 -------- Run | Yrd Mat Mat Min Mat Sto Fac Fac Total Allies 1 | . . . 1 . . . . Largest Group 1 | . . . 1 1 . . . Highest-Rated Group 31 | . . . 31 31 . . . Highest-Rated Ally 31 | . . . 31 31 . . . Total Orders . | . . . . . . . . Ally Attacks 7 | . . . . 7 . . . Total Damage 106 | . . . . 106 . . . Kills 1 | . . . . 1 . . . Allies Corrupted . | . . . . . . . . Allies Melted . | . . . . . . . . Intel | -11 -10 -9 -9 -8 -8 -7 -6 ------- Run | Yrd Mat Mat Min Mat Sto Fac Fac Active Infowar (turns) 1143 | . 60 114 . . . 412 557 Optics 969 | . . . . . . 412 557 Sensors 719 | . 60 . . . . 364 295 Traps 220 | . . . . . . . 220 Seismic 34 | . . 34 . . . . . Machine Analysis 10 | . . . . . . . 10 ECM 115 | . . 114 . . . . 1 Robot Analysis Total . | . . . . . . . . Derelict Logs Recovered 1 | . . . 1 . . . . Drone Launches . | . . . . . . . . Drone Recoveries . | . . . . . . . . Exploration | -11 -10 -9 -9 -8 -8 -7 -6 ------------- Run | Yrd Mat Mat Min Mat Sto Fac Fac Turns Passed 2952 | 53 525 497 515 179 168 458 557 Spaces Moved 3230 | 36 330 358 716 288 169 711 622 Core 134 | 5 3 1 . . 88 . 37 Treads . | . . . . . . . . Legs 280 | 31 249 . . . . . . Wheels 402 | . 78 324 . . . . . Hover 2414 | . . 33 716 288 81 711 585 Flight . | . . . . . . . . Fastest Speed 42 | 50 80 46 46 42 42 48 42 Average Speed 63 | 113 112 82 46 42 46 50 72 Slowest Speed 300 | 120 300 300 46 102 50 110 100 Overloaded Moves . | . . . . . . . . Propulsion Burnouts . | . . . . . . . . Robots Hopped . | . . . . . . . . Potential Cave-ins . | . . . . . . . . Cave-ins Triggered . | . . . . . . . . Exploration Rate (%) 39 | 4 55 24 98 41 52 16 22 Regions Visited 7 Branch Regions 2 Pre-discovered Areas . | . . . . . . . . Known Exits Taken 1 | . . . . 1 . . . Unknown Exits Taken 6 | 1 1 1 1 . 1 1 . Scrap Searched 2 | . . . 2 . . . . Spaces Dug 1 | . . . . . 1 . . Terrain Destroyed 2 | . . . . . 2 . . Melee . | . . . . . . . . Projectile 2 | . . . . . 2 . . AOE . | . . . . . . . . Terrain Rammed . | . . . . . . . . Walls Destroyed . | . . . . . . . . Machines Disabled . | . . . . . . . . Actions | -11 -10 -9 -9 -8 -8 -7 -6 --------- Run | Yrd Mat Mat Min Mat Sto Fac Fac Total 3904 | 45 427 474 898 342 203 804 711 Wait 312 | . 19 5 165 28 . 61 34 Move 3223 | 35 329 357 715 287 168 710 622 Hop . | . . . . . . . . Pick Up 58 | 4 13 14 4 6 . 11 6 Fast Attach 41 | 6 6 8 2 2 1 5 11 Attach 24 | . 1 7 . 2 3 4 7 Detach 7 | . 2 1 2 1 . . 1 Swap 30 | . 5 14 . 4 2 2 3 Drop 63 | . 17 15 7 9 1 7 7 Fire 83 | . 34 43 . 1 5 . . Melee 48 | . . 9 3 2 20 2 12 Ram 14 | . . 1 . . 3 2 8 Kick 1 | . 1 . . . . . . Crush . | . . . . . . . . Escape Stasis . | . . . . . . . . Rewire . | . . . . . . . . Trap . | . . . . . . . . Miscellaneous . | . . . . . . . . Route ------- -11/Scrapyard -10/Materials (discovered 2 exits: *Mat x2) -9/Materials -9/Mines (discovered 2 exits: *Mat x2) -8/Materials (discovered 2 exits: *Fac / *Sto) -8/Storage -7/Factory -6/Factory History --------- Turn | Location | Event 13 | -11/Scrapyard | Discovered new exit (range 16) 54 | -11/Scrapyard | Entered Materials 263 | -10/Materials | Discovered new exit (range 16) 318 | -10/Materials | Build established: Mutant 525 | -10/Materials | Discovered new exit (range 7) 579 | -10/Materials | Entered another Materials area 579 | -9/Materials | Evolved 2 slots: Utility x2 924 | -9/Materials | Lost 7 parts (1p3n2u1w) 1000 | -9/Materials | Discovered new exit (range 7) 1076 | -9/Materials | Entered Mines 1090 | -9/Mines | Met a Derelict who couldn't figure out how to use a Trap Extractor 1097 | -9/Mines | Discovered new exit (range 8) 1122 | -9/Mines | Found a Scrap Suit stashed away for nefarious purposes 1125 | -9/Mines | Found Scrap Suit 1154 | -9/Mines | Found a hidden stash of uninstalled traps 1400 | -9/Mines | Found a damaged Exp. Sensor Array with a note attached 1401 | -9/Mines | Found Prototype Device 1456 | -9/Mines | Discovered new exit (range 5) 1495 | -9/Mines | Received a Mining Laser from a helpful Derelict 1591 | -9/Mines | Entered Materials 1591 | -8/Materials | Accompanied by 1 ally 1591 | -8/Materials | Evolved 2 slots: Power x1, Propulsion x1 1592 | -8/Materials | Identified exit to Storage 1769 | -8/Materials | Discovered new exit (range 10) 1770 | -8/Materials | Entered Storage 1864 | -8/Storage | Garrison activated, responded to threat 1893 | -8/Storage | Core integrity fell below 50% 1930 | -8/Storage | Discovered new exit (range 16) 1936 | -8/Storage | Core integrity fell below 20% 1938 | -8/Storage | Entered Factory 1938 | -7/Factory | Evolved 2 slots: Utility x1, Weapon x1 1952 | -7/Factory | Lost 13 parts (3p3n2u5w) 2018 | -7/Factory | Identified exit to DSF 2393 | -7/Factory | Discovered new exit (range 7) 2396 | -7/Factory | Entered another Factory area 2396 | -6/Factory | Evolved 2 slots: Utility x2 2559 | -6/Factory | Spotted B-75 Beast 2760 | -6/Factory | Lost 6 parts (2p1u3w) 2850 | -6/Factory | Core integrity fell below 50% 2905 | -6/Factory | Lost 10 parts (6n3u1w) 2922 | -6/Factory | Core integrity fell below 20% 2953 | -6/Factory | Destroyed by Y-54 Guardian with Flak Gun Last Messages --------------- Slammed into Y-54 Guardian. Cmb. Airjet destroyed. Slammed into Y-54 Guardian. ALERT: Potential suspicious activity detected, Programmers report to Factory Zone 2Z. O-16 Technician: "IFF HANDSHAKE FAILED. SECURING TERMINAL." ALERT: Hostiles spotted, dispatching reinforcements to Terminal F017. Cmb. Airjet destroyed. Connecting with DSF Access... Current location identified: Factory Acquired Spear. Acquired Prototype Hover Unit. Identified Cld. Aerolev Unit. Acquired Cld. Aerolev Unit. Acquired Machine Analyzer. P-60 Hacker resets S-27 Virus, system corruption cleaned. P-60 Hacker destroyed. Acquired 43 matter. Broken Corruption Screen destroyed. Hacking Suite destroyed. Map ----- +----------------------------------------------------+ | | | | | | | | | | | | | | | | | | | | | | | | | | | | | | | | | ??????????????####???????????????????????????????? | | ?????##########T ######??????????????????????????? | | ?????# #??????????????????????????? | | ?????# #??????????????????????????? | | ?????# #????########??????????????? | | ?????# #????# =#??????????????? | | ?????# ###### = =#??????????????? | | ?????# ## !#*= ===#??????????????? | | ?????# "sss] #??????????????? | | ?????# ############### @Y#[ #??????????????? | | ?????#####?????????????## ## !#??????????????? | | ????????????????????????#Y#########??????????????? | | ????????????????????????# #??????????????????????? | | ????????????????????????# #??????????????????????? | | ????????????????????????# #??????#####???????????? | | ????????????????????????# ######## ###+###?????? | | ????????????????????????# " | | ????????????????????????########## ### ###?????? | | ??????????????????????????????#####/#### ##??????? | | ??????????????????????????????# # #######? | | ??????????????????????????????# "" + " | | ??????????????????????????????# "T # ##### | | ??????????????????????????????# "" % ## ##??????? | | ??????????????????????????????# ## #???????? | | ??????????????????????????????########## #???????? | | ?????????????????????????????######????# #???????? | | ?????????????????????????????# ???# #???????? | | ?????????????????????????????# ## #???????? | | ?????????????????????????????# """" / #???????? | | ?????????????????????????????# """" ## #???????? | | ?????????????????????????????# """" ## ##??????? | | ?????????????????????????????# """" # ! #??????? | | ?????????????????????????????# """" + #??????? | | ?????????????????????????????# """" # /#??????? | +----------------------------------------------------+ Best States ------------- Heat Dissipation 38 Energy Generation 23 Energy Capacity 430 Matter Stores 300 Matter Capacity 400 Sight Range 20 Robot Scan Range 15 Terrain Scan Density 10 ECM Strength 1 Corruption Block 8 Armor Coverage 150 Propulsion Shielding 33 Evasion (%) 56 Targeting Accuracy 6 Melee Accuracy 6 Core Analysis 6 Offensive Hacking 10 Item Schematics ----------------- Imp. Flight Unit | -9/Materials | Scanalyzed Robot Schematics ------------------ None Fabricated ------------ Nothing Repaired ---------- Nothing Alien Tech Used ----------------- None Achievements -------------- None Challenges ------------ None Game ------ Seed PhysicsHelicalComputer Manual? 0 Play Time 01:21:09 Cumulative 39.2 hours Start 2025.07.06 @ 16:36:50 End 2025.07.06 @ 18:07:10 Sessions 1 Manual Loads 0 Difficulty Rogue Special Mode None Game No. 31 Rogue 28 Adventurer 1 Explorer 2 Win Type - Total 0 Types 0/0/0/0/0/0/0/0/0/0 Lore% 18 Gallery% 28 Achievement% 24 Wizard Run 0 Options --------- Layout 0 ASCII 0 Keyboard 0 Movement Mouse Keybinds 0 Fullscreen 2 Font 24/Smallcaps Map View 76x50 Zoom Use 0% Tactical HUD 0 Map Filters NONE Filters NONE Steam 1 RUN: 98f64491-726b-47dc-bff5-3229255baeea